 Dungeon Crawl Stone Soup version 0.16.2-12-gd0ad4c3 (webtiles) character file.

28112 kroki the Grappler (level 13, -5/130 HPs)
             Began as a Troll Earth Elementalist on Feb 18, 2016.
             Was the Champion of Cheibriados.
             Slain by a seven-headed hydra (6 damage)
             ... on level 3 of the Lair of Beasts.
             The game lasted 00:27:33 (13223 turns).

kroki the Grappler (Troll Earth Elementalist)      Turns: 13223, Time: 00:27:33

Health: -5/130     AC: 10    Str: 39    XL:     13   Next: 8%
Magic:  16/20      EV: 17    Int: 26    God:    Cheibriados [******]
Gold:   523        SH: 15    Dex: 37    Spells: 2 memorised, 11 levels left

rFire  . . .     SeeInvis .       - Unarmed
rCold  + . .     Clarity  .     c - +0 robe
rNeg   . . .     SustAb   .     N - +0 shield {rC+}
rPois  .         Gourm    +     (helmet restricted)
rElec  .         Spirit   .     D - +1 cloak
rCorr  .         Warding  .     (gloves unavailable)
rMut   .         Stasis   .     (boots unavailable)
MR     .....                    (no amulet)
Stlth  ++++......               g - +3 ring of protection
                                V - +3 ring of dexterity

@: mighty, agile, about to teleport, very slow, not resistant to hostile
enchantments, stealthy
A: unfitting armour, claws 3, fast metabolism 3, gourmand, regeneration 2,
shaggy fur 1, tough skin 2
a: Bend Time, Temporal Distortion, Slouch, Step From Time, Renounce Religion


You were on level 3 of the Lair of Beasts.
You worshipped Cheibriados.
Cheibriados was exalted by your worship.
You were not hungry.

You visited 3 branches of the dungeon, and saw 13 of its levels.
You also visited: Bailey and Ice Cave.

You collected 823 gold pieces.
You spent 300 gold pieces at shops.

Inventory:

Hand weapons
 X - the +4 battleaxe of Famine {drain, rF- Dex+6}
   (You found it on level 1 of the Lair of Beasts)

   A truly terrible weapon, it drains the life of those it strikes.
   It affects your dexterity (+6).
   It makes you vulnerable to fire.
Armour
 c - a +0 robe (worn)
 w - a +0 large shield
   (You found it on level 2 of the Dungeon)
 D - a +1 cloak (worn)
   (You found it on level 4 of the Dungeon)
 N - a +0 shield of cold resistance (worn)
   (You found it in an ice cave)
Magical staves
 T - an uncursed staff of cold {unknown}
   (You found it on level 2 of the Lair of Beasts)
Jewellery
 g - a +3 ring of protection (right claw)
   (You found it on level 1 of the Dungeon)
 p - an uncursed amulet of stasis {Stasis, !d}
   (You found it on level 1 of the Dungeon)
 B - a +4 ring of intelligence
   (You found it on level 3 of the Dungeon)
 K - an uncursed ring of protection from cold {rC+, !d}
   (You took it off an orc on level 6 of the Dungeon)
 M - an uncursed ring of flight {+Fly, !d}
   (You took it off an orc warrior on level 7 of the Dungeon)
 P - a +3 ring of strength
   (You found it on level 7 of the Dungeon)
 V - a +3 ring of dexterity (left claw)
   (You found it on level 1 of the Lair of Beasts)
Magical devices
 G - a wand of disintegration (9)
   (You found it on level 4 of the Dungeon)
 J - a wand of draining (2)
   (You found it on level 5 of the Dungeon)
 S - a wand of fire (0)
   (You took it off a hobgoblin on level 7 of the Dungeon)
 Z - a wand of digging (15)
   (You found it on level 2 of the Lair of Beasts)
Scrolls
 b - 2 scrolls of amnesia
 h - 2 scrolls of blinking {!r}
 k - a scroll of random uselessness
 s - a scroll of identify
 t - 8 scrolls of enchant armour
 v - 3 scrolls of enchant weapon
 H - a scroll of immolation {!r}
 I - 2 scrolls of remove curse
 Q - a scroll of fog
Potions
 e - 4 potions of brilliance
 f - 4 potions of heal wounds {unknown}
 i - a potion of restore abilities
 j - 2 potions of might
 m - a potion of flight {unknown}
 n - a potion of resistance {unknown}
 q - 13 potions of curing
 u - 2 potions of cure mutation {unknown}
 C - a potion of experience {unknown}
 E - a potion of magic
 F - 2 potions of berserk rage {unknown}
 L - a potion of invisibility {unknown}
 O - 4 potions of haste {unknown}
 U - a potion of cancellation
Books
 d - a book of Geomancy
 y - a Fen Folio
   (You found it on level 4 of the Dungeon)
Comestibles
 a - 8 meat rations {@e2}
 l - a slice of pizza
 o - 4 bread rations {@e1}
 z - 8 beef jerkies
 A - 8 fruits
 R - 3 royal jellies


   Skills:
 + Level 8.9 Fighting
 - Level 1.3 Throwing
 * Level 2.7 Dodging
 - Level 1.1 Stealth
 + Level 8.6 Shields
 - Level 14.2 Unarmed Combat
 - Level 1.2 Spellcasting
 - Level 0.6 Transmutations
 - Level 2.6 Earth Magic
 - Level 7.0 Invocations


You had 11 spell levels left.
You knew the following spells:

 Your Spells              Type           Power        Failure   Level  Hunger
a - Sandblast             Erth           ###...       4%          1    #......
s - Stoneskin             Trmt/Erth      ##......     12%         2    ###....


Dungeon Overview and Level Annotations

Branches:
Dungeon (9/15)             Temple (1/1) D:6            Lair (3/8) D:9
  Swamp: Lair:3-6    Shoals: Lair:3-6     Snake: Lair:3-6    Spider: Lair:3-6
    Orc: D:9-12

Altars:
Ashenzari
Cheibriados
Dithmenos
Elyvilon
Fedhas
Gozag
Kikubaaqudgha
Makhleb
Nemelex Xobeh
Okawaru
Qazlal
Ru
Sif Muna
Trog
Vehumet
Xom
Yredelemnul
Zin
The Shining One

Shops:
D:5 (   D:7 !(=}:


Innate Abilities, Weirdness & Mutations

You are too large for most types of armour.
You have claws for hands.
Your metabolism is lightning-fast.
You like to eat raw meat.
You heal very quickly.
You are covered in fur (AC +1).
You have very tough skin (AC +2).


Message History

You claw the spider!
You kill the spider!
Cheibriados thoroughly appreciates the change of pace.
An iguana comes into view.
You mangle the river rat!!
You kill the river rat!
Cheibriados appreciates the change of pace.
The sentinel's mark upon you fades away.
The iguana moves out of view.
An iguana and a spider come into view.
You eviscerate the spider!!!
You kill the spider!
Cheibriados thoroughly appreciates the change of pace.
You hear an angry hiss.
You mangle the black bear!!
You kill the black bear!
Cheibriados thoroughly appreciates the change of pace.
You claw the iguana!
The iguana begins to bleed from its wounds!
You block the iguana's attack.
You scratch the iguana. You block the iguana's attack.
You closely miss the iguana. You mangle the iguana!!
You kill the iguana!
Cheibriados appreciates the change of pace.
You eviscerate the hippogriff!!!
You kill the hippogriff!
Cheibriados appreciates the change of pace.
You hear a roar!
You hear an angry hiss.
You claw the river rat!
The river rat begins to bleed from its wounds!
You block the river rat's attack.
You eviscerate the river rat!!!
You kill the river rat!
Cheibriados thoroughly appreciates the change of pace.
You eviscerate the black bear!!!
You kill the black bear!
Cheibriados appreciates the change of pace.
You mangle the spiny frog!!
You kill the spiny frog!
Cheibriados appreciates the change of pace.
You mangle the black bear!!
The black bear begins to bleed from its wounds!
You block the black bear's attack.
The black bear claws you but does no damage.
The black bear barely misses you.
You mangle the black bear!!
You kill the black bear!
Cheibriados appreciates the change of pace.
A river rat comes into view.
You scratch the river rat.
The river rat begins to bleed from its wounds!
You closely miss the river rat. You block the river rat's attack.
A seven-headed hydra comes into view.
The seven-headed hydra roars!
You eviscerate the river rat!!!
You kill the river rat!
Cheibriados appreciates the change of pace.
You completely miss the seven-headed hydra.
The seven-headed hydra bites you.
The seven-headed hydra bites you but does no damage.
The seven-headed hydra bites you!
You block the seven-headed hydra's attack. x2
The seven-headed hydra bites you!
* * * LOW HITPOINT WARNING * * *
The seven-headed hydra completely misses you.
You take 31 damage, and have 33/130 hp.
MASSIVE DAMAGE!!
Read which item? (? for menu, Esc to quit)
As you read the scroll of teleportation, it crumbles to dust.
You feel strangely unstable.
You block the seven-headed hydra's attack.
The seven-headed hydra barely misses you.
The seven-headed hydra bites you!
* * * LOW HITPOINT WARNING * * *
The seven-headed hydra bites you!
* * * LOW HITPOINT WARNING * * *
You block the seven-headed hydra's attack.
The seven-headed hydra bites you but does no damage.
You block the seven-headed hydra's attack.
You take 20 damage, and have 13/130 hp.
Drink which item? (? for menu, Esc to quit)
You feel better. The seven-headed hydra misses you.
The seven-headed hydra bites you!
* * * LOW HITPOINT WARNING * * *
The seven-headed hydra misses you. The seven-headed hydra bites you.
* * * LOW HITPOINT WARNING * * *
The seven-headed hydra bites you.
* * * LOW HITPOINT WARNING * * *
The seven-headed hydra bites you but does no damage.
The seven-headed hydra closely misses you.
You take 8 damage, and have 5/130 hp.
Drink which item? (? for menu, Esc to quit)
You feel better.
The seven-headed hydra closely misses you.
You block the seven-headed hydra's attack. x3
The seven-headed hydra bites you!
* * * LOW HITPOINT WARNING * * *
The seven-headed hydra bites you.
You die...

#P#.............
...............
.................##
#..<..# $###
#....## .....
##...# #......
#....## .....s.
##....#####..ss.
###...##@#..# ..
##..###Dr##....#
#...#†..r†....P
##......†......
###......##..
##....## # ..#...#
......## ..#..##


You could see a seven-headed hydra and 2 river rats.

Vanquished Creatures
  A frost giant (IceCv)
  The ghost of kroki the Thrower, a powerful OpBe of Trog (IceCv)
  The ghost of kroki the Grappler, an experienced TrEE of Cheibriados (D:9)
  An ice statue (IceCv)
  5 orc knights (Bailey)
  An ugly thing (D:9)
  A black mamba (Lair:2)
  4 spiny frogs
  3 komodo dragons
  18 polar bears
  A wraith (D:9)
  2 basilisks (Lair:1)
  27 yaks
  A wyvern (D:9)
  A steam dragon (D:7)
  19 wolves
  5 hippogriffs
  3 porcupines
  8 water moccasins
  14 orc warriors
  7 spiders (Lair:3)
  2 ice beasts
  4 sky beasts
  5 black bears
  2 ogres
  2 phantoms
  A wasp (D:6)
  3 centaurs (D:8)
  4 crocodiles
  Duvessa (D:5)
  A wyvern zombie (D:7)
  2 big kobolds (D:7)
  10 giant frogs
  A scorpion (D:4)
  22 killer bees
  A giant frog zombie (D:7)
  3 jellies
  Dowan (D:5)
  5 crimson imps
  13 orc wizards
  A centaur zombie (D:9)
  A hound (Lair:1)
  2 giant frog skeletons
  11 orc priests
  3 iguanas
  6 worker ants
  2 hound skeletons (D:7)
  2 worker ant zombies
  Robin (D:4)
  16 gnolls
  20 adders
  18 river rats
  3 giant mites
  2 shadow imps
  7 worms
  An adder skeleton (D:9)
  7 giant geckos
  2 oozes (D:1)
  72 orcs
  A ball python (D:3)
  21 goblins
  12 hobgoblins
  18 jackals
  16 kobolds
  8 quokkas
  26 bats
  3 giant cockroaches
  A giant cockroach zombie (D:6)
  3 giant newts
  A goblin zombie (D:9)
  2 jackal skeletons (D:4)
  11 rats
507 creatures vanquished.

Vanquished Creatures (collateral kills)
  A crimson imp (D:9)
  A jelly (D:9)
2 creatures vanquished.

Vanquished Creatures (others)
  A wizard (D:4)
  An orc wizard (D:9)
  5 fungi
  2 plants
9 creatures vanquished.

Grand Total: 518 creatures vanquished

Notes
Turn   | Place    | Note
--------------------------------------------------------------
     0 | D:1      | kroki, the Troll Earth Elementalist, began the quest for the Orb.
     0 | D:1      | Reached XP level 1. HP: 16/16 MP: 2/2
    11 | D:1      | kroki: well
    11 | D:1      | BLOAX: decided that it should be
    11 | D:1      | kroki: tl:dr
    11 | D:1      | kroki: fuck negroes
    83 | D:1      | Reached skill level 1 in Unarmed Combat
   141 | D:1      | Reached XP level 2. HP: 24/24 MP: 2/2
   297 | D:1      | Reached skill level 2 in Unarmed Combat
   485 | D:1      | BLOAX: you can still find old people in the north calling blacks niggers
   860 | D:1      | Reached XP level 3. HP: 31/31 MP: 3/3
   937 | D:1      | BLOAX: because they simply are not Up 2 Date with the jargon
   969 | D:2      | BLOAX: and still think that nigger is a good thing to call them
   969 | D:2      | kroki: good thing i live in 99% white country
  1057 | D:2      | BLOAX: a beautiful world
  1136 | D:2      | BLOAX: what's that
  1143 | D:2      | BLOAX: greenland? :^)
  1152 | D:2      | Reached skill level 3 in Unarmed Combat
  1222 | D:2      | Reached skill level 1 in Throwing
  1222 | D:2      | Reached XP level 4. HP: 23/39 MP: 4/4
  1234 | D:2      | kroki: poland
  1595 | D:2      | Reached skill level 4 in Unarmed Combat
  1898 | D:3      | Reached XP level 5. HP: 46/46 MP: 4/4
  2108 | D:3      | Reached skill level 1 in Fighting
  2116 | D:2      | HP: 11/48 [gnoll/whip (11)]
  2287 | D:3      | Reached skill level 1 in Shields
  2555 | D:3      | Found a glowing silver altar of Zin.
  2732 | D:4      | Reached XP level 6. HP: 55/55 MP: 5/5
  2871 | D:4      | Noticed a phantom
  2873 | D:4      | Noticed Robin
  2906 | D:4      | Killed Robin
  2953 | D:4      | Killed a phantom
  2953 | D:4      | Reached skill level 2 in Fighting
  2953 | D:4      | Reached skill level 2 in Shields
  2953 | D:4      | Reached skill level 5 in Unarmed Combat
  3187 | D:4      | Found a bloodstained altar of Trog.
  3372 | D:4      | Noticed a wizard
  3374 | D:4      | Killed a wizard
  3420 | D:4      | Reached XP level 7. HP: 64/66 MP: 5/5
  3473 | D:4      | BLOAX: "I have yet to see on the internet even a troll say that it's a good thing black people are getting killed"
  3607 | D:4      | kroki: who said it
  3630 | D:5      | Entered Level 5 of the Dungeon
  3635 | D:5      | Noticed Duvessa
  3635 | D:5      | BLOAX: https://www.youtube.com/watch?v=Qy9VuU9zz0Q
  3638 | D:5      | Noticed Dowan
  3641 | D:5      | BLOAX: 19:52
  3678 | D:5      | Killed Dowan
  3689 | D:5      | HP: 16/66 [Duvessa/short sword (11)]
  3690 | D:5      | HP: 3/66 [Duvessa/short sword (14)]
  3691 | D:5      | Killed Duvessa
  3691 | D:5      | Reached skill level 6 in Unarmed Combat
  4081 | D:5      | Found Cheskan's Weapon Boutique.
  4153 | D:5      | Reached skill level 3 in Fighting
  4166 | D:5      | Found a bloodstained altar of Trog.
  4658 | D:6      | Reached skill level 3 in Shields
  4658 | D:6      | Reached XP level 8. HP: 75/75 MP: 6/6
  4704 | D:6      | Found a glowing silver altar of Zin.
  4719 | D:6      | Reached skill level 7 in Unarmed Combat
  4917 | D:6      | kroki: go chei
  4917 | D:6      | kroki: or just makh that shit up
  4922 | D:6      | Found a staircase to the Ecumenical Temple.
  5031 | D:6      | BLOAX: chei for superior nonhungering
  5100 | Temple   | Entered the Ecumenical Temple
  5157 | Temple   | Became a worshipper of Cheibriados the Contemplative
  5481 | D:6      | Found an ancient bone altar of Kikubaaqudgha.
  5483 | D:6      | Found an iron altar of Okawaru.
  5549 | D:7      | Reached skill level 1 in Invocations
  5564 | D:6      | Reached skill level 4 in Fighting
  5629 | D:7      | Reached skill level 4 in Shields
  5629 | D:7      | Reached skill level 8 in Unarmed Combat
  5629 | D:7      | Reached skill level 2 in Invocations
  5656 | D:6      | kroki: secret heal tech
  5699 | D:6      | Reached XP level 9. HP: 67/84 MP: 7/7
  5758 | D:7      | Acquired Cheibriados' first power
  5795 | D:7      | Found Wek Are's Distillery.
  5842 | D:7      | Found a bloodstained altar of Trog.
  5846 | D:7      | Bought a potion of curing for 45 gold pieces
  5846 | D:7      | Bought a potion of curing for 45 gold pieces
  5846 | D:7      | Bought a potion of curing for 45 gold pieces
  5846 | D:7      | Bought a potion of agility for 60 gold pieces
  5846 | D:7      | Bought a potion of might for 60 gold pieces
  5846 | D:7      | Bought a potion of curing for 45 gold pieces
  5937 | D:7      | Reached skill level 3 in Invocations
  6021 | D:7      | Found Ugaidgh's Jewellery Shop.
  6034 | D:7      | kroki: neat
  6050 | D:7      | Found Skauger's Book Shop.
  6166 | D:7      | Reached skill level 9 in Unarmed Combat
  6177 | D:7      | Reached skill level 4 in Invocations
  6315 | D:7      | kroki: u watching?
  6325 | D:7      | Found Popraosch's Antique Weapon Emporium.
  6476 | D:7      | BLOAX: kind of
  6498 | D:7      | Found Usaumuq's Gadget Emporium.
  6502 | D:7      | BLOAX: i am extremely sick
  6502 | D:7      | kroki: sick of niggers?
  6824 | D:8      | Reached skill level 5 in Shields
  6857 | D:8      | Reached skill level 5 in Invocations
  6882 | D:8      | Found a glowing golden altar of the Shining One.
  6911 | D:8      | Reached skill level 5 in Fighting
  6918 | D:8      | BLOAX: i'm sick of stupid-ass niggers being stupid-ass niggers and thinking with their asses
  6920 | D:8      | Reached XP level 10. HP: 80/96 MP: 13/13
  6937 | D:8      | Acquired Cheibriados' second power
  6942 | D:8      | HP: 24/96 [poisoned by a killer bee]
  6947 | D:8      | HP: 24/96 [poisoned by a killer bee]
  6952 | D:8      | HP: 23/96 [poisoned by a killer bee]
  6958 | D:8      | HP: 24/96 [poisoned by a killer bee]
  7117 | D:8      | kroki: what did they do to you
  7180 | D:8      | Found a burning altar of Makhleb.
  7291 | D:8      | BLOAX: though as any wise person should know
  7328 | D:8      | BLOAX: niggers come in all shapes and colors
  7658 | D:8      | BLOAX: and they're defined by being stupid, stubborn and wrong
  7732 | D:8      | Acquired Cheibriados' third power
  7950 | D:9      | Found a radiant altar of Vehumet.
  7964 | D:9      | BLOAX: well for one i am a crawl pariah :^)
  7970 | D:9      | kroki: are you a self hating nigger
  7975 | D:9      | Reached skill level 10 in Unarmed Combat
  8004 | D:9      | Found a flagged portal.
  8019 | Bailey   | Entered a bailey
  8022 | Bailey   | BLOAX: I come from the distant lands of Ukraine.
  8024 | Bailey   | BLOAX: I am pretty white as far as white goes.
  8024 | Bailey   | kroki: poverty intesifies
  8026 | Bailey   | BLOAX: fortunately i live in denmark
  8035 | Bailey   | kroki: thats good
  8036 | Bailey   | BLOAX: and might be getting into something stupid and unprofitable
  8045 | Bailey   | BLOAX: like network engineering or something
  8120 | Bailey   | BLOAX: everyone knows the internet is not the future
  8120 | Bailey   | kroki: how do i handle thi
  8120 | Bailey   | BLOAX: the future is what the holy book of Allah says
  8120 | Bailey   | kroki: s
  8126 | Bailey   | Acquired Cheibriados' fourth power
  8126 | Bailey   | Reached skill level 6 in Invocations
  8131 | Bailey   | BLOAX: or at least that's what the useful idiots of the first world would say
  8193 | Bailey   | Noticed an orc knight
  8194 | Bailey   | Noticed an orc knight
  8195 | Bailey   | BLOAX: hm
  8195 | Bailey   | BLOAX: what pots
  8195 | Bailey   | kroki: so what
  8195 | Bailey   | BLOAX: can you slouch them?
  8195 | Bailey   | BLOAX: yep
  8195 | Bailey   | kroki: immolate?
  8195 | Bailey   | BLOAX: oh yes
  8195 | Bailey   | BLOAX: that'll do
  8196 | Bailey   | Killed an orc knight
  8196 | Bailey   | Killed an orc knight
  8197 | Bailey   | BLOAX: pew pew
  8200 | Bailey   | Noticed an orc knight
  8248 | Bailey   | Killed an orc knight
  8279 | Bailey   | Reached skill level 7 in Invocations
  8312 | Bailey   | Noticed an orc knight
  8314 | Bailey   | Noticed an orc knight
  8335 | Bailey   | kroki: eh
  8335 | Bailey   | BLOAX: zap zap zap
  8342 | Bailey   | Killed an orc knight
  8342 | Bailey   | Reached skill level 6 in Fighting
  8343 | Bailey   | Killed an orc knight
  8343 | Bailey   | Reached skill level 11 in Unarmed Combat
  8343 | Bailey   | Reached XP level 11. HP: 35/105 MP: 7/17
  8604 | Bailey   | kroki: good loot
  8638 | D:9      | Found a staircase to the Lair.
  8683 | D:9      | BLOAX: i'm also extremely sick in that i caught a meme disease
  8711 | D:9      | Noticed kroki's ghost (experienced TrEE)
  8736 | D:9      | Killed kroki's ghost
  8736 | D:9      | Reached skill level 6 in Shields
  8796 | D:9      | kroki: well memed
  8851 | D:9      | BLOAX: and then i was forced to meet up to school during winter
  8877 | D:9      | Noticed a purple ugly thing
  8884 | D:9      | BLOAX: which i did three days in a row
  8890 | D:9      | Killed a purple ugly thing
  9223 | D:9      | BLOAX: and since things only ever got worse i did not go there today nor will i go there tomorrow
  9270 | D:9      | BLOAX: because i'm already about to drop dead
  9320 | Lair:1   | Entered Level 1 of the Lair of Beasts
  9321 | Lair:1   | BLOAX: and i didn't feel like commiting suicide for them
  9321 | Lair:1   | kroki: what are you sick with
  9358 | Lair:1   | BLOAX: probably memefluenza
  9376 | Lair:1   | BLOAX: something seasonal
  9439 | Lair:1   | Found a frozen archway.
  9449 | IceCv    | Entered an ice cave
  9450 | IceCv    | BLOAX: even though they claim there's no epidemy in the country at the moment
  9464 | IceCv    | Noticed kroki's ghost (powerful OpBe)
  9465 | IceCv    | kroki: ayy lmao
  9475 | IceCv    | BLOAX: i hung out with someone on my way home on friday
  9582 | IceCv    | Reached skill level 12 in Unarmed Combat
  9591 | IceCv    | BLOAX: who then turned out to be very sick these three days i was forced to meet up for my contractual suicide
  9591 | IceCv    | BLOAX: probably not related at all :^)
  9591 | IceCv    | kroki: this is what you get for interacting with normalfags
  9777 | IceCv    | Reached skill level 7 in Fighting
  9817 | IceCv    | HP: 25/109 [kroki's ghost (4)]
  9822 | IceCv    | HP: 23/109 [poisoned by kroki's ghost]
  9826 | IceCv    | Killed kroki's ghost
  9827 | IceCv    | HP: 15/109 [poisoned by kroki's ghost]
  9827 | IceCv    | HP: 2/109 [yak (13)]
 10186 | IceCv    | Noticed an ice statue
 10206 | IceCv    | Killed an ice statue
 10206 | IceCv    | Reached skill level 7 in Shields
 10408 | IceCv    | kroki: can i slow myself
 10408 | IceCv    | kroki: for more slouch dmg
 10420 | IceCv    | Reached XP level 12. HP: 75/118 MP: 15/18
 10837 | IceCv    | Noticed a frost giant
 10853 | IceCv    | Reached skill level 13 in Unarmed Combat
 10857 | IceCv    | Killed a frost giant
 11077 | IceCv    | BLOAX: nope
 11087 | IceCv    | BLOAX: it's special-cased to not do extra damage if you're slowed
 11143 | Lair:1   | kroki: heh
 11448 | Lair:1   | Reached skill level 8 in Fighting
 11632 | Lair:1   | Reached skill level 8 in Shields
 11653 | Lair:1   | kroki: i should propably get the memelet
 11653 | Lair:1   | kroki: its good
 11794 | Lair:1   | Got a warped battleaxe
 11884 | Lair:1   | BLOAX: especially with meme Tr with meme MR
 11940 | Lair:1   | kroki: well memed
 12553 | Lair:2   | Reached skill level 14 in Unarmed Combat
 12648 | Lair:2   | Identified the +4 battleaxe of Famine {drain, rF- Dex+6} (You found it on level 1 of the Lair of Beasts)
 12658 | Lair:2   | Learned a level 2 spell: Stoneskin
 13092 | Lair:3   | kroki: eh
 13153 | Lair:3   | kroki: those traps are such dogshit
 13182 | Lair:3   | Reached skill level 2 in Dodging
 13192 | Lair:3   | Reached XP level 13. HP: 48/128 MP: 16/20
 13215 | Lair:3   | BLOAX: remember that part about me being a crawl pariah
 13219 | Lair:3   | Noticed a seven-headed hydra
 13219 | Lair:3   | BLOAX: well
 13221 | Lair:3   | BLOAX: bloax is never right
 13221 | Lair:3   | HP: 23/130 [seven-headed hydra (10)]
 13222 | Lair:3   | HP: 11/130 [seven-headed hydra (10)]
 13222 | Lair:3   | HP: 5/130 [seven-headed hydra (5)]
 13223 | Lair:3   | HP: 1/130 [seven-headed hydra (15)]
 13223 | Lair:3   | Slain by a seven-headed hydra

Action                   |  1- 3 |  4- 6 |  7- 9 | 10-12 | 13-15 || total
-------------------------+-------+-------+-------+-------+-------++-------
Melee: Unarmed           |   127 |   224 |   465 |   704 |    25 ||  1545
Throw: Stone             |    61 |       |       |       |       ||    61
       Large rock        |    10 |    73 |     3 |       |       ||    86
       Javelin           |       |       |    65 |       |       ||    65
 Cast: Stoneskin         |       |       |       |     1 |       ||     1
Invok: Bend Time         |       |       |       |    15 |       ||    15
       Slouch            |       |       |       |     1 |     1 ||     2
Evoke: Wand              |       |       |     1 |    20 |       ||    21
  Use: Scroll            |     4 |     4 |     1 |    20 |     1 ||    30
       Potion            |       |       |     2 |     6 |     4 ||    12
 Stab: Distracted        |       |       |       |     2 |       ||     2
       Sleeping          |       |       |       |     3 |       ||     3
       Fleeing           |       |       |       |     1 |       ||     1
  Eat: Chunk             |    10 |    14 |    38 |    36 |       ||    98
       Meat ration       |     1 |       |       |       |       ||     1

Vault maps used:
D:1:      sevenhm_arrival_forest_fort_small_4, serial_forest,
          infiniplex_forest_end_2, infiniplex_forest_straight_4,
          infiniplex_forest_lined_room_2, infiniplex_forest_clump_curved,
          infiniplex_forest_lined_corner, infiniplex_forest_clump_long
D:2:      first_bread
D:3:      zin_scriptorium
D:4:      trog_wizard, uniq_robin
D:5:      basic_altar, serial_shops, nicolae_shop_behind_doors,
          serial_bayou_crossing, uniq_duvessa
D:6:      gammafunk_temple_overflow_pools, minmay_temple_entry_junction,
          basic_altar
D:7:      wad_crossroads, lemuel_crystal_altar, serial_shops, shop, shop, shop,
          shop, nicolae_shop_behind_doors
D:8:      bloody_makhleb, tso_metal_star, david_nohive_1
D:9:      hangedman_cross_stitches, lair_0_dummy, enter_bailey_3, basic_altar,
          kennysheep_generic_room_13
Temple:   nicolae_temple_god_jail
Lair:1:   portal_ice_cave_entry_pillars_02, roderic_batcave
Lair:2:   infiniplex_staircase_pool_2, lemuel_fruit_tree
Lair:3:   beast_lair_carwin_large_3, spider_nest_entry_a
Bailey:   bailey_polearm_5, bailey
IceCv:    ice_cave_small_giant

Table legend:
 A = Turns spent in this place as a percentage of turns spent in the entire game.
 B = Non-inter-level travel turns spent in this place as a percentage of non-inter-level travel turns spent in the entire game.
 C = Inter-level travel turns spent in this place as a percentage of turns spent in this place.
 D = Turns resting spent in this place as a percentage of non-inter-level travel turns spent in this place.
 E = Turns spent auto-exploring this place as a percentage of non-inter-level travel turns spent in this place.
 F = Non-inter-level travel turns spent in this place divided by the number of levels of this place that you've seen.
                   A       B       C       D       E      F
               +-------+-------+-------+-------+-------+----------------------
         Total | 100.0 | 100.0 |   0.3 |   1.0 |   9.6 | 478.0
       Dungeon |  71.1 |  71.1 |   0.3 |   0.6 |  10.3 | 566.4
        Temple |   0.3 |   0.3 |   9.5 |   0.0 |  78.9 |  19.0
          Lair |  18.1 |  18.1 |   0.3 |   0.6 |   8.9 | 432.7
        Bailey |   4.2 |   4.2 |   0.0 |   3.0 |   6.0 | 301.0
      Ice Cave |   6.3 |   6.3 |   0.0 |   5.1 |   3.1 | 454.0
               +-------+-------+-------+-------+-------+----------------------

Table legend:
 A = Kills in this place as a percentage of kills in entire the game.
 B = Kills by you in this place as a percentage of kills by you in the entire game.
 C = Kills by friends in this place as a percentage of kills by friends in the entire game.
 D = Other kills in this place as a percentage of other kills in the entire game.
 E = Experience gained in this place as a percentage of experience gained in the entire game.
 F = Experience gained in this place divided by the number of levels of this place that you have seen.
                   A       B       C       D       E      F
               +-------+-------+-------+-------+-------+----------------------
         Total | 100.0 | 100.0 | 100.0 | 100.0 | 100.0 | 2677.3
       Dungeon |  63.0 |  62.8 | 100.0 | 100.0 |  25.4 | 1134.2
          Lair |  21.6 |  21.7 |   0.0 |   0.0 |  35.1 | 4697.7
        Bailey |   8.1 |   8.1 |   0.0 |   0.0 |  11.5 | 4611.0
      Ice Cave |   7.3 |   7.3 |   0.0 |   0.0 |  28.0 | 11248.0
               +-------+-------+-------+-------+-------+----------------------
